 Dungeon Crawl Stone Soup version 0.31-a0-740-g87205ac768 (webtiles) character file.

Game seed: 17768391476452316904

85 MackTheKnife the Sneak (level 4, -2/30 HPs)
             Began as a Vampire Wanderer on Sept 12, 2023.
             Slain by an orc
             ... wielding a +0 flail
              (7 damage)
             ... on level 3 of the Dungeon.
             The game lasted 00:04:50 (2093 turns).

MackTheKnife the Sneak (Vampire Wanderer)           Turns: 2093, Time: 00:04:51

Health: -2/30      AC:  4    Str: 11    XL:     4   Next: 25%
Magic:  5/5        EV: 11    Int: 14    God:
Gold:   6          SH:  0    Dex: 15    Spells: 1/5 levels left

rFire   . . .        a - +0 dagger {short}
rCold   . . .        (no shield)
rNeg    . . .        c - +0 robe
rPois   .            p - +0 helmet
rElec   .            (no cloak)
rCorr   .            d - +0 pair of gloves
SInv    +            (no boots)
Will    .....        (no amulet)
Stlth   +++          (no ring)
HPRegen 0.45/turn    (no ring)
MPRegen 0.09/turn

%: no passive effects
@: healing quickly
A: alive, fangs 3, see invisible, vampiric 2
a: Exsanguinate


You were on level 3 of the Dungeon.
You visited 1 branch of the dungeon, and saw 3 of its levels.

You collected 76 gold pieces.
You spent 70 gold pieces at shops.


Innate Abilities, Weirdness & Mutations

Your natural rate of healing is accelerated.
You have razor-sharp teeth.
You have supernaturally acute eyesight. (SInv)
You are afflicted with vampirism and can become a bat while bloodless.


   Skills:
 + Level 5.9 Stealth
 - Level 1.0 Spellcasting
 + Level 2.5 Hexes
 - Level 3.2 Transmutations
 - Level 5.0 Air Magic


You had one spell level left.
You knew the following spells:

 Your Spells              Type           Power      Damage    Failure   Level
a - Shock                 Conj/Air       28%        1d4       10%         1
b - Confusing Touch       Hex            7%         N/A       28%         3

Your spell library contained the following spells:

 Spells                   Type           Power      Damage    Failure   Level
 Slow                     Hex            28%        N/A       10%         1
 Wereblood                Tmut           9%         N/A       11%         2
 Cigotuvi's Dreadful Rot  Necr/Pois/Air  10%        N/A       21%         2
 Passwall                 Tmut/Erth      4%         N/A       21%         2
 Sigil of Binding         Hex            7%         N/A       28%         3
 Airstrike                Air            7%         2d(1-17)  32%         4
 Vampiric Draining        Necr           0%         2d6       61%         3

Inventory:

Hand Weapons
 a - a +0 dagger (weapon) {short}
 o - a +1 short sword of protection {short}
   (You took it off a kobold on level 1 of the Dungeon)
Missiles
 t - 4 stones {throwing}
Armour
 c - a +0 robe (worn)
 d - a +0 pair of gloves (worn)
 p - a +0 helmet (worn)
   (You found it on level 2 of the Dungeon)
 u - a +3 ring mail
   (You found it on level 2 of the Dungeon)
Jewellery
 i - a ring of ice
   (You found it on level 1 of the Dungeon)
 r - an amulet of faith {!P}
   (You found it on level 2 of the Dungeon)
Scrolls
 l - 2 scrolls of teleportation {@r4}
 m - a scroll of amnesia {unknown}
 q - a scroll of fear {unknown}
 s - a scroll of summoning {unknown}
Potions
 b - a potion of brilliance
 e - 2 potions of magic
 f - a potion of mutation {unknown}
 g - a potion of heal wounds {unknown}
 h - a potion of ambrosia {unknown}
 j - a potion of enlightenment {unknown}
 k - a potion of cancellation {unknown}
 n - a potion of experience {unknown}

Dungeon Overview and Level Annotations

Branches:
Dungeon (3/15) Zot: 15901

Altars:

Shops:
D:1 ::?(!

## #..#.# .o #....#
####### #.#####.###
#.....# ###
#...)...#.####.#...#
#..
######..#..........#
#..
#..#..........######..
#..#...#......#.......
#..###.#...#'##.......
#...o@.##.##.##.......
#.####.##....##.......
#.# #..........^.....
#.# #########........
#. #........ #.
#...##### #. #...###
#####


You could see an orc.


Message History

Key pressed, stopping explore.
No target in view!
Key pressed, stopping explore.
No target in view!
Done exploring.
Done exploring.
No target in view!
Okay, then.
There is a stone staircase leading up here.
You climb upwards.
There is a stone staircase leading down here.
You see here a +0 whip {mace}.
There is an entrance to Utunokh's Magic Scroll Shop here.
You can access your shopping list by pressing '$'.
v - a scroll of identify {@r1}
l - 2 scrolls of teleportation (gained 1) Thank you for shopping at Utunokh's Magic Scroll Shop!
As you read the scroll of identify {@r1}, it crumbles to dust.
e - 2 potions of magic Done exploring.
Done exploring.
What level of the Dungeon? (default 1, ? - help)
There is a stone staircase leading down, spattered with blood here.
You climb downwards.
There is a stone staircase leading up here.
Done exploring.
Done exploring.
Done exploring.
There is a stone staircase leading down here.
You climb downwards.
There is a stone staircase leading up here.
A frilled lizard is nearby!
A frilled lizard is nearby!
The helpless frilled lizard fails to defend itself.
You impale the frilled lizard!!
You kill the frilled lizard!
There is a stone staircase leading up here.
You open the door.
There is an open door here.
Key pressed, stopping explore.
An orc comes into view. It is wielding a +0 dagger.
An orc is nearby!
An orc comes into view. It is wielding a +0 flail.
The helpless orc fails to defend itself.
You impale the orc!!
You kill the orc!
You see here a +0 dagger {short}.
An orc comes into view. It is wielding a +0 dagger.
You barely miss the orc. Your bite misses the orc.
The orc hits you with a +0 flail! 😕 HP[-7]
You take 7 damage, and now have 23/30 hp.
MASSIVE DAMAGE!! (PAUSE)
You hit the orc. The orc hits you but does no damage.
You hit the orc but do no damage. You bite the orc, but do no damage.
The orc hits you with a +0 flail! 😮 HP[-6]
You take 6 damage, and now have 17/30 hp.
You are too injured to fight recklessly!
You are too injured to fight recklessly!
You see here a +0 dagger {short}. 😮 HP[+1] 😮 HP[+1]
The orc barely misses you. 😮 HP[+1]
The orc attacks as it pursues you!
The orc hits you with a +0 flail. 😮 HP[-1]
You take 1 damage, and now have 19/30 hp. 😮 HP[+1]
The orc attacks as it pursues you! The orc closely misses you. 😮 HP[+1]
The orc attacks as it pursues you! The orc hits you with a +0 flail.
* * * LOW HITPOINT WARNING * * *
😨 HP[-6]
You take 6 damage, and now have 15/30 hp.
You hit the orc. The orc barely misses you. 😮 HP[+1]
You barely miss the orc. The orc hits you but does no damage.
You hit the orc but do no damage. You bite the orc.
The orc closely misses you. 😮 HP[+1]
You hit the orc but do no damage. Your bite misses the orc.
The orc hits you with a +0 flail.
* * * LOW HITPOINT WARNING * * *
😨 HP[-4]
You take 4 damage, and now have 13/30 hp.
You hit the orc. You bite the orc, but do no damage.
The orc hits you with a +0 flail.
* * * LOW HITPOINT WARNING * * *
😨 HP[-2]
You take 2 damage, and now have 11/30 hp.
You closely miss the orc. The orc misses you.
You closely miss the orc. The orc closely misses you.
You barely miss the orc. The orc hits you with a +0 flail!
* * * LOW HITPOINT WARNING * * *
😱 HP[-7]
You take 7 damage, and now have 4/30 hp.
MASSIVE DAMAGE!! (PAUSE)
You closely miss the orc. The orc closely misses you.
You hit the orc but do no damage. The orc hits you with a +0 flail!
You die...

Skill      XL: |  1  2  3 |
---------------+----------+-----
Stealth        | 3 4 5 |  5.9
Hexes          | 2 |  2.5
Spellcasting   | |  1.0
Transmutations | |  3.2
Air Magic      | |  5.0

Action                     |  1- 3 |  4- 6 || total
---------------------------+-------+-------++-------
  Melee: Dagger            |   234 |    42 ||   276
         Bite              |    27 |     7 ||    34
         Punch             |     1 |       ||     1
    Use: Scroll            |       |     1 ||     1
   Stab: Sleeping          |     6 |     2 ||     8
 Armour: Robe              |   131 |    12 ||   143
         Ring mail         |    13 |    13 ||    26
  Dodge: Dodged            |   132 |    19 ||   151

Levels and vault maps discovered:
D:1:      eino_arrival_water_star, layout_basic, serial_shops,
          nicolae_shop_dealshenge, nicolae_shop_rolling_square,
          nicolae_shop_waterfront, nicolae_diamond_shop,
          nicolae_shop_hallway_stairs, roderic_cross_of_infinity,
          minmay_octomino_e4
D:2:      layout_loops_ring, hellmonk_ecumenical_altar_zigzags
D:3:      layout_basic, old_standard_altar

Notes
Turn   | Place    | Note
-------+----------+-------------------------------------------
     0 | D:1      | MackTheKnife the Vampire Wanderer began the quest for the
                  | Orb.
     0 | D:1      | MackTheKnife set off with the following items: a +0 dagger
                  | {short}, a potion of brilliance, a +0 robe, a +0 pair of
                  | gloves; and the following spell memorised: Shock; and the
                  | following spells available to memorise: Wereblood,
                  | Cigotuvi's Dreadful Rot, Passwall, Airstrike.
     0 | D:1      | Reached XP level 1. HP: 13/13 MP: 2/2
     0 | D:1      | magus.rc [v1.9.6]
    55 | D:1      | Found Ekigufuw's Distillery.
   111 | D:1      | Found Utunokh's Magic Scroll Shop.
   121 | D:1      | Reached skill level 2 in Stealth
   215 | D:1      | Reached skill level 3 in Stealth
   233 | D:1      | Reached XP level 2. HP: 16/19 MP: 3/3
   336 | D:1      | Reached skill level 4 in Stealth
   417 | D:1      | HP: 4/19 [kobold/+0 club (3)]
   474 | D:1      | Found Ephygrai's Antique Weapon Emporium.
   498 | D:1      | Gained mutation: You are afflicted with vampirism and can
                  | become a bat while bloodless. [Vampire growth]
   498 | D:1      | Reached XP level 3. HP: 19/24 MP: 4/4
   675 | D:1      | Found Jeczin's Book Shoppe.
   727 | D:1      | Found Fuceub's Book Emporium.
   764 | D:1      | You pick up a book of Debilitation and begin reading...
   764 | D:1      | You add the spells Slow, Sigil of Binding, Vampiric
                  | Draining and Confusing Touch to your library.
   771 | D:1      | Learned a level 3 spell: Confusing Touch
   904 | D:2      | Reached skill level 5 in Stealth
  1035 | D:2      | Reached skill level 1 in Hexes
  1064 | D:2      | Found a faded altar of an unknown god.
  1467 | D:2      | Reached skill level 2 in Hexes
  1760 | D:1      | Reached XP level 4. HP: 12/30 MP: 5/5
  1981 | D:1      | Bought a scroll of identify for 28 gold pieces
  1981 | D:1      | Bought a scroll of teleportation for 42 gold pieces
  2091 | D:3      | HP: 4/30 [orc/+0 flail (8)]
  2093 | D:3      | Slain by an orc

Vanquished Creatures
  3 gnolls
  A worm (D:2)
  A dart slug (D:2)
  An orc (D:3)
  6 bats
  3 endoplasms (D:1)
  2 giant cockroaches
  2 goblins (D:1)
  2 hobgoblins
  4 jackals
  4 quokkas
  2 ball pythons
  4 frilled lizards
  11 kobolds
  2 rats (D:1)
48 creatures vanquished.

Table legend:
 A = Non-vault XP
 B = Vault XP
 C = Vault XP percentage of total XP
 D = Non-vault monster count
 E = Vault monster count
 F = Vault count percentage of total count
                 A         B        C        D         E       F
            +---------+---------+-------+---------+---------+-------
      Total |     110 |      12 |   9.8 |      41 |       7 |  14.6
            +---------+---------+-------+---------+---------+-------
        D:1 |      48 |      12 |  20.0 |      22 |       7 |  24.1
        D:2 |      58 |       0 |   0.0 |      17 |       0 |   0.0
        D:3 |       4 |       0 |   0.0 |       2 |       0 |   0.0
            +---------+---------+-------+---------+---------+-------

Skill      XL: |  1  2  3 |
---------------+----------+-----
Stealth        | 3 4 5 |  5.9
Hexes          | 2 |  2.5
Spellcasting   | |  1.0
Transmutations | |  3.2
Air Magic      | |  5.0

Action                     |  1- 3 |  4- 6 || total
---------------------------+-------+-------++-------
  Melee: Dagger            |   234 |    42 ||   276
         Bite              |    27 |     7 ||    34
         Punch             |     1 |       ||     1
    Use: Scroll            |       |     1 ||     1
   Stab: Sleeping          |     6 |     2 ||     8
 Armour: Robe              |   131 |    12 ||   143
         Ring mail         |    13 |    13 ||    26
  Dodge: Dodged            |   132 |    19 ||   151

Illustrated notes

Table legend:
 A = Kills in this place as a percentage of kills in the entire game.
 B = Kills by you in this place as a percentage of kills by you in the entire game.
 C = Kills by friends in this place as a percentage of kills by friends in the entire game.
 D = Other kills in this place as a percentage of other kills in the entire game.
 E = Experience gained in this place as a percentage of experience gained in the entire game.
 F = Experience gained in this place divided by the number of levels of this place that you have seen.
                   A       B       C       D       E      F
               +-------+-------+-------+-------+-------+----------------------
         Total | 100.0 | 100.0 |   N/A |   N/A | 100.0 |  40.7
       Dungeon | 100.0 | 100.0 |   N/A |   N/A | 100.0 |  40.7
               +-------+-------+-------+-------+-------+----------------------

Table legend: (Time is in decaauts)
 A = Elapsed time spent in this place.
 B = Non-inter-level travel time spent in this place.
 C = Inter-level travel time spent in this place.
 D = Time resting spent in this place.
 E = Time spent auto-exploring this place.
 F = Levels seen in this place.
 G = Mean time per level.
                   A        B        C        D        E       F      G
               +--------+--------+--------+--------+--------+-----+--------+
         Total |   2097 |   1977 |    120 |    116 |   1173 |   3 |  699.0 |
       Dungeon |   2097 |   1977 |    120 |    116 |   1173 |   3 |  699.0 |
               +--------+--------+--------+--------+--------+-----+--------+

Top non-repeatable levels by time:
     D:1: 1043 daAuts
     D:2: 985 daAuts
     D:3: 68 daAuts
